 Dungeon Crawl Stone Soup version 0.28-a0-589-g333b8329f1 (webtiles) character file.

Game seed: 11551207998078044607

1638 Heedrag the Chiller (level 8, -1/60 HPs)
             Began as a Demonspawn Ice Elementalist on Oct 3, 2021.
             Was an Initiate of Vehumet.
             Slain by an ogre (20 damage)
             ... on level 5 of the Dungeon.
             The game lasted 00:15:38 (8165 turns).

Heedrag the Chiller (Demonspawn Ice Elementalist)   Turns: 8165, Time: 00:15:38

Health: -1/60      AC: 12    Str:  8    XL:     8   Next: 66%
Magic:  5/14       EV: 14    Int: 19    God:    Vehumet [......]
Gold:   248        SH:  0    Dex: 18    Spells: 4/15 levels left

rFire   . . .      SeeInvis .   y - +1 club (spect)
rCold   . . .      Faith    .   (no shield)
rNeg    . . .      Spirit   .   a - +0 robe
rPois   +          Reflect  .   (helmet restricted)
rElec   .          Harm     .   (no cloak)
rCorr   +          Rampage  .   (no gloves)
Will    .....                   v - +2 pair of boots
Stlth   +++++.....              (no amulet)
HPRegen 0.20/turn               h - ring of resist corrosion
MPRegen 0.14/turn               o - ring of poison resistance

@: ice-armoured, freezing walls, very slightly contaminated
A: antennae 2, thin skeletal structure 2, spiny 1
a: Renounce Religion


You were on level 5 of the Dungeon.
You worshipped Vehumet.
Vehumet was noncommittal.
You visited 2 branches of the dungeon, and saw 7 of its levels.

You collected 248 gold pieces.

Inventory:

Hand Weapons
 l - a +0 dagger
   (You took it off a kobold on level 1 of the Dungeon)
 y - a +1 spectral club (weapon)
   (You took it off Ijyb on level 4 of the Dungeon)
Missiles
 j - 52 poisoned darts (quivered)
Armour
 a - a +0 robe (worn)
 v - a +2 pair of boots (worn)
   (You found it on level 4 of the Dungeon)
Jewellery
 h - a ring of resist corrosion (left hand)
   (You found it on level 1 of the Dungeon)
 i - a ring of protection from fire
   (You found it on level 3 of the Dungeon)
 o - a ring of poison resistance (right hand)
   (You found it on level 2 of the Dungeon)
 q - an amulet of faith {!P}
   (You found it on level 3 of the Dungeon)
 s - an amulet of guardian spirit
   (You found it on level 1 of the Dungeon)
Wands
 d - a wand of iceblast (6)
   (You took it off Ijyb on level 4 of the Dungeon)
Scrolls
 b - a scroll of holy word {unknown}
 c - 2 scrolls of identify {unknown}
 f - 2 scrolls of fear {unknown}
 k - 4 scrolls of magic mapping {unknown}
 n - 3 scrolls of teleportation {unknown}
 r - a scroll of amnesia {unknown}
 u - a scroll of summoning {unknown}
 x - a scroll of vulnerability {unknown}
 A - a scroll of fog {unknown}
Potions
 e - a potion of invisibility {unknown}
 g - 2 potions of haste {unknown}
 m - a potion of cancellation {unknown}
 p - 2 potions of lignification {unknown}
 t - 5 potions of curing {unknown}
 w - a potion of resistance {unknown}
 z - a potion of attraction {unknown}
 B - a potion of flight {unknown}


   Skills:
 + Level 4.2 Fighting
 + Level 4.3 Dodging
 + Level 4.6 Stealth
 + Level 4.3 Spellcasting
 + Level 1.9 Conjurations
 * Level 6.8 Ice Magic


You had 4 spell levels left.
You knew the following spells:

 Your Spells              Type           Power      Damage    Failure   Level
a - Freeze                Ice            100%       1d11      1%          1
b - Frozen Ramparts       Ice            58%        1d7       2%          3
c - Ozocubu's Armour      Ice            29%        N/A       2%          3
d - Hailstorm             Conj/Ice       20%        3d6       22%         4

Your spell library contained the following spells:

 Spells                   Type           Power      Damage    Failure   Level
 Ensorcelled Hibernation  Hex/Ice        34%        N/A       4%          2
 Foxfire                  Conj/Fire      28%        2x1d5     9%          1
 Beastly Appendage        Tmut           8%         N/A       14%         1
 Sting                    Tmut/Pois      16%        1d3       14%         1
 Summon Small Mammal      Summ           16%        N/A       14%         1
 Poisonous Vapours        Pois/Air       8%         N/A       21%         2
 Wereblood                Tmut           4%         N/A       21%         2
 Conjure Flame            Conj/Fire      7%         6-21      26%         3
 Call Canine Familiar     Summ           4%         N/A       38%         3
 Inner Flame              Hex/Fire       4%         N/A       38%         3
 Spider Form              Tmut/Pois      2%         N/A       38%         3
 Summon Guardian Golem    Hex/Summ       4%         N/A       38%         3
 Tukima's Dance           Hex            4%         N/A       38%         3
 Flame Wave               Conj/Fire      7%         3d4       65%         4
 Alistair's Intoxication  Tmut/Pois      2%         N/A       98%         5
 Eringya's Noxious Bog    Tmut/Pois      2%         N/A       100%        6


Dungeon Overview and Level Annotations

Branches:
Dungeon (6/15)             Temple (1/1) D:6

Altars:
Ashenzari
Cheibriados
Dithmenos
Elyvilon
Fedhas
Gozag
Kikubaaqudgha
Makhleb
Okawaru
Qazlal
Ru
Sif Muna
Trog
Uskayaw
Vehumet
Wu Jian
Xom
Yredelemnul
Zin
The Shining One


Innate Abilities, Weirdness & Mutations

You have a pair of antennae on your head.
You have a moderately thin skeletal structure. (Dex +4, Stealth++)
You are partially covered in sharp spines.


Message History

The phantom closely misses you.
You barely miss the phantom.
Your +1 spectral club hits the phantom.
The phantom is struck by your spines.
The phantom hits you but does no damage.
The phantom hits you.
You miss the phantom.
Your +1 spectral club hits the phantom.
The phantom misses your +1 spectral club.
You miss the phantom.
Your +1 spectral club hits the phantom.
The wight hits your +1 spectral club with a +3 great sword!
Your spectral weapon shares its damage with you!
The phantom closely misses your +1 spectral club.
A wight comes into view. It is wielding a +0 hand axe.
An ogre comes into view. It is wielding a +0 giant spiked club.
You barely miss the phantom.
Your +1 spectral club hits the phantom.
You destroy the phantom!
Vehumet accepts your kill. The wight is struck by your spines.
The wight hits you with a +3 great sword!
* * * LOW HITPOINT WARNING * * *
The wight hits you with a +3 great sword!
* * * LOW HITPOINT WARNING * * *
There is an open door here.
You open the door.
There is an open door here.
As you close the door, it creaks loudly!
A wight breaks down the door.
You see here a +0 dagger.
There is a stone staircase leading up here.
The ogre is struck by your spines. The ogre hits you with a +0 giant club!
* * * LOW HITPOINT WARNING * * *
You climb upwards.
There is a stone staircase leading down here.
Unknown command.
A film of ice covers your body!
A stone staircase leading down.
You miscast Frozen Ramparts.
You are very lightly contaminated with residual magic.
Nothing appears to happen.
The ogre barely misses you.
Unknown command.
A stone staircase leading down.
The walls around you are covered in ice.
The wall freezes the ogre!
The ogre hits you with a +0 giant club!
* * * LOW HITPOINT WARNING * * *
You hit the ogre but do no damage.
The wall freezes the ogre.
The ogre closely misses you.
Unknown command.
You barely miss the ogre.
The wall freezes the ogre.
The ogre is struck by your spines.
The ogre hits you with a +0 giant club!!
You die...

'.........'......................
#.........####.....###.###.#...##
##.......## ##..### #.# #.##.###
##.....## ##.#####.# #.......
##...## #.......# ####.### ##'##
#.####### #.# #.# #.# #.# #.# #.#
#.# # ##.## #@# #.# #
##...#########O# #.#
###.....#........# #.#
..........######## #.#
#####.##### #.### # #.# #.... #
#.# ##### # #.# # #.#


You could see an ogre.

Vanquished Creatures
  Sigmund (D:5)
  An ice beast (D:5)
  A sky beast (D:3)
  A black bear (D:6)
  2 necrophages
  2 ogres (D:5)
  A phantom (D:6)
  A gnoll sergeant (D:5)
  2 scorpions (D:4)
  A wight (D:6)
  2 centaur zombies
  5 hounds
  3 orc priests
  A bullfrog skeleton (D:5)
  Ijyb (D:4)
  An iguana (D:6)
  An orc wizard (D:5)
  A hound skeleton (D:4)
  Robin (D:3)
  5 gnolls (D:5)
  2 adders
  A worm (D:5)
  2 dart slugs
  12 orcs
  6 bats
  6 endoplasms
  4 giant cockroaches
  7 hobgoblins
  5 kobolds
  6 ball pythons
  4 frilled lizards
  13 goblins
  2 rats
104 creatures vanquished.

Notes
Turn   | Place    | Note
-------+----------+-------------------------------------------
     0 | D:1      | Heedrag the Demonspawn Ice Elementalist began the quest for
                  | the Orb.
     0 | D:1      | Reached XP level 1. HP: 13/13 MP: 3/3
   155 | D:1      | Found a faded altar of an unknown god.
   425 | D:1      | Gained mutation: You have a somewhat thin skeletal
                  | structure. (Dex +2, Stealth+) [demonic ancestry]
   425 | D:1      | Reached XP level 2. HP: 18/20 MP: 3/5
  1774 | D:2      | Reached skill level 4 in Ice Magic
  1774 | D:2      | Gained mutation: You have a moderately thin skeletal
                  | structure. (Dex +4, Stealth++) [demonic ancestry]
  1774 | D:2      | Reached XP level 3. HP: 21/25 MP: 4/6
  1892 | D:2      | Found an opulent altar of Gozag.
  1899 | D:2      | Reached skill level 1 in Fighting
  2089 | D:2      | Learned a level 3 spell: Frozen Ramparts
  2504 | D:3      | Noticed a sky beast
  2516 | D:3      | Killed a sky beast
  2517 | D:3      | Gained mutation: You have a pair of small antennae on your
                  | head. [demonic ancestry]
  2517 | D:3      | Reached XP level 4. HP: 4/32 MP: 0/7
  2960 | D:3      | Gained mutation: You have a pair of antennae on your head.
                  | [demonic ancestry]
  2960 | D:3      | Reached XP level 5. HP: 38/38 MP: 8/8
  2972 | D:3      | Learned a level 3 spell: Ozocubu's Armour
  3180 | D:3      | Noticed Robin
  3338 | D:3      | Killed Robin
  4224 | D:4      | Noticed Ijyb
  4231 | D:4      | Killed Ijyb
  4605 | D:4      | Gained mutation: You are partially covered in sharp spines.
                  | [demonic ancestry]
  4605 | D:4      | Reached XP level 6. HP: 21/44 MP: 10/10
  4877 | D:4      | Reached skill level 5 in Ice Magic
  5099 | D:4      | Found an ornate altar of the Wu Jian Council.
  5191 | D:4      | Found a shadowy altar of Dithmenos.
  5191 | D:4      | Found a sacrificial altar of Ru.
  5200 | D:4      | Found a shimmering blue altar of Sif Muna.
  5202 | D:4      | Found a stormy altar of Qazlal.
  5209 | D:4      | Found a snail-covered altar of Cheibriados.
  5278 | D:4      | Reached XP level 7. HP: 38/51 MP: 4/11
  5514 | D:5      | Entered Level 5 of the Dungeon
  5848 | D:5      | Noticed Sigmund
  5861 | D:5      | Killed Sigmund
  6442 | D:5      | Reached skill level 6 in Ice Magic
  6464 | D:5      | Got the Papyrus of Venom
  6554 | D:5      | Reached XP level 8. HP: 8/59 MP: 4/13
  6827 | D:5      | Learned a level 4 spell: Hailstorm
  7030 | D:5      | Reached skill level 1 in Conjurations
  7894 | D:6      | Found a staircase to the Ecumenical Temple.
  7919 | Temple   | Entered the Ecumenical Temple
  8003 | Temple   | Became a worshipper of Vehumet
  8165 | D:5      | Slain by an ogre

Illustrated notes

Levels and vault maps discovered:
D:1:      dpeg_arrival_yet_another_circle, layout_basic,
          chequers_ecumenical_altar_simple_redux
D:2:      layout_basic, basic_altar
D:3:      layout_basic, serial_co_window_serial, co_window_paths_a,
          co_window_cross_1, co_window_paths_b, co_window_corner_a,
          co_window_paths_a, co_window_paths_b, co_window_paths_a,
          co_window_paths_a, co_window_paths_a, co_window_corner_cb,
          co_window_corner_cb, co_window_broadway_a, co_window_unsneaky_path_d,
          co_window_unsneaky_path_e, glass_columns_c, glass_columns_a,
          glass_columns_c, glass_columns_b, minmay_misc_feat_alley, uniq_robin
D:4:      layout_basic, overflow_temple_1_default,
          chequers_temple_overflow_minitemple, uniq_ijyb
D:5:      cheibrodos_quashed, layout_loops_corners, uniq_sigmund
D:6:      layout_loops_corners, minmay_temple_entry_sparse_star,
          kennysheep_generic_room_6
Temple:   nicolae_temple_great_sept

Skill      XL: |  1  2  3  4  5  6  7  8 |
---------------+-------------------------+-----
Stealth        | 2 3 4 |  4.6
Dodging        | 2 3 4 |  4.3
Ice Magic      | 4 5 6 |  6.8
Fighting       | 1 2 3 4 |  4.2
Spellcasting   | 3 4 |  4.3
Conjurations   | 1 |  1.9

Action                   |  1- 3 |  4- 6 |  7- 9 || total
-------------------------+-------+-------+-------++-------
Melee: Unarmed           |    13 |       |       ||    13
       Dagger            |     9 |    63 |       ||    72
       Club              |       |       |    69 ||    69
Throw: Dart              |       |       |     8 ||     8
 Cast: Freeze            |    49 |    21 |     7 ||    77
       Frozen Ramparts   |     1 |    15 |    11 ||    27
       Ozocubu's Armour  |       |     2 |     7 ||     9
       Hailstorm         |       |       |     1 ||     1
 Stab: Sleeping          |     1 |     5 |     5 ||    11
       Distracted        |       |       |     2 ||     2
Armor: Robe              |    10 |    19 |    28 ||    57
Dodge: Dodged            |    38 |    66 |    65 ||   169

Table legend: (Time is in decaauts)
 A = Elapsed time spent in this place.
 B = Non-inter-level travel time spent in this place.
 C = Inter-level travel time spent in this place.
 D = Time resting spent in this place.
 E = Time spent auto-exploring this place.
 F = Levels seen in this place.
 G = Mean time per level.
                   A        B        C        D        E       F      G
               +--------+--------+--------+--------+--------+-----+--------+
         Total |   8184 |   7562 |    622 |   1814 |   4578 |   7 | 1169.1 |
       Dungeon |   8089 |   7487 |    602 |   1814 |   4515 |   6 | 1348.2 |
        Temple |     95 |     75 |     20 |      0 |     63 |   1 |   95.0 |
               +--------+--------+--------+--------+--------+-----+--------+

Top non-repeatable levels by time:
     D:3: 1635 daAuts
     D:4: 1594 daAuts
     D:5: 1533 daAuts
     D:1: 1415 daAuts
     D:2: 1107 daAuts
     D:6: 802 daAuts
  Temple: 95 daAuts
